 Dungeon Crawl Stone Soup version 0.28-a0-984-g3775c662fe (webtiles) character file.

Game seed: 7657576477223754205

5163 browni3141 the Transmogrifier (level 10, 0/78 HPs)
             Began as an Octopode Transmuter on Dec 4, 2021.
             Was a Believer of Ru.
             Slain by a skeletal warrior (26 damage)
             ... led by a skeletal warrior
             ... on level 9 of the Dungeon.
             The game lasted 00:29:45 (13283 turns).

browni3141 the Transmogrifier (OpTm)               Turns: 13283, Time: 00:29:46

Health: 0/78       AC: 16    Str: 16    XL:     10   Next: 59%
Magic:  14/14      EV: 12    Int: 19    God:    Ru [**....]
Gold:   498        SH:  0    Dex: 13    Spells: 5/15 levels left

rFire   x . .      SeeInvis +     - Unarmed
rCold   + + +      Faith    .   (shield currently unavailable)
rNeg    . . .      Spirit   .   (helmet currently unavailable)
rPois   +          Reflect  .   q - amulet of magic regeneration
rElec   .          Harm     .   b - +6 ring of strength
rCorr   .          Rampage  .   f - +4 ring of protection
Will    .....                   x - +4 ring of protection
Stlth   +++.......              A - ring of see invisible
HPRegen 0.23/turn               B - ring of flight
MPRegen 0.54/turn               (no ring)
                                (no ring)
                                (no ring)

@: ice-form, flying
A: freezing attack, boosted hp, almost no armour, amphibious, 8 rings, large,
(camouflage 1), (gelatinous body 1), inability to use devices, (nimble swimmer
1), (tentacles)
a: End Transformation, Renounce Religion


You were on level 9 of the Dungeon.
You worshipped Ru.
Ru was pleased with you.
You were a creature of crystalline ice.
You visited 2 branches of the dungeon, and saw 10 of its levels.

You collected 498 gold pieces.

Inventory:

Missiles
 t - 6 atropa-tipped darts
Armour
 y - a +0 buckler
Jewellery
 b - a +6 ring of strength (left front paw)
 f - a +4 ring of protection (right front paw)
 q - an amulet of magic regeneration (around neck)
 x - a +4 ring of protection (on tentacle)
 A - a ring of see invisible (on tentacle)
 B - a ring of flight (on tentacle)
Scrolls
 a - 3 scrolls of teleportation
 c - 4 scrolls of amnesia
 g - a scroll of immolation
 h - a scroll of blinking
 j - 3 scrolls of holy word
 n - 2 scrolls of vulnerability
 o - 2 scrolls of noise {unknown}
 r - a scroll of enchant weapon {unknown}
 u - a scroll of fear {unknown}
 v - a scroll of magic mapping {unknown}
 w - 4 scrolls of fog {unknown}
 z - a scroll of enchant armour {unknown}
 C - a scroll of torment {unknown}
Potions
 d - 6 potions of curing
 e - a potion of resistance
 i - a potion of experience {unknown}
 k - 2 potions of brilliance {unknown}
 l - a potion of lignification {unknown}
 m - 3 potions of degeneration {unknown}
 p - 3 potions of heal wounds {unknown}
 s - a potion of attraction {unknown}
 D - a potion of might {unknown}


   Skills:
 + Level 4.6 Fighting
 * Level 6.8 Dodging
 + Level 7.0 Stealth
 * Level 7.2 Unarmed Combat
 - Level 3.0 Spellcasting
 - Level 8.0 Transmutations
 - Level 5.0 Ice Magic
 - Level 4.0 Poison Magic


You had 5 spell levels left.
You knew the following spells:

 Your Spells              Type           Power      Damage    Failure   Level
a - Beastly Appendage     Tmut           66%        N/A       1%          1
b - Wereblood             Tmut           33%        N/A       1%          2
c - Spider Form           Tmut/Pois      25%        N/A       3%          3
d - Ice Form              Ice/Tmut       27%        N/A       11%         4

Your spell library contained the following spells:

 Spells                   Type           Power      Damage    Failure   Level
 Poisonous Vapours        Pois/Air       20%        N/A       10%         2
 Foxfire                  Conj/Fire      8%         2x1d4     16%         1
 Blink                    Tloc           4%         N/A       22%         2
 Call Canine Familiar     Summ           2%         N/A       41%         3
 Conjure Flame            Conj/Fire      2%         6-21      41%         3
 Gell's Gravitas          Tloc           2%         N/A       41%         3
 Inner Flame              Hex/Fire       2%         N/A       41%         3
 Lesser Beckoning         Tloc           2%         N/A       41%         3
 Portal Projectile        Hex/Tloc       4%         N/A       41%         3
 Teleport Other           Tloc           2%         N/A       41%         3
 Cause Fear               Hex            1%         N/A       83%         4
 Flame Wave               Conj/Fire      2%         2d4       83%         4
 Leda's Liquefaction      Hex/Erth       1%         N/A       83%         4
 Manifold Assault         Tloc           2%         N/A       99%         5
 Summon Forest            Summ/Tloc      1%         N/A       99%         5
 Dragon Form              Tmut           16%        N/A       99%         7
 Malign Gateway           Summ/Tloc      1%         N/A       100%        7
 Dragon's Call            Summ           1%         N/A       100%        9


Dungeon Overview and Level Annotations

Branches:
Dungeon (9/15)             Temple (1/1) D:4
   Lair: D:8-11         Orc: D:9-12

Altars:
Ashenzari
Cheibriados
Dithmenos
Elyvilon
Fedhas
Hepliaklqana
Kikubaaqudgha
Makhleb
Nemelex Xobeh
Okawaru
Qazlal
Ru
Sif Muna
Trog
Uskayaw
Vehumet
Wu Jian
Xom
Yredelemnul
Zin
The Shining One

Shops:
D:1 =(

Annotations:
D:9 exclusions: two-headed ogre and 2 ugly things, Erica


Innate Abilities, Weirdness & Mutations

You are a creature of crystalline ice.
You have a powerful freezing melee attack.
Your maximum health is increased.
Your armour is entirely melded.
You are incapable of wielding weapons or throwing items.
You cannot wear most types of armour.
You are amphibious.
You can wear up to eight rings at the same time.
((Your skin changes colour to match your surroundings (Stealth+).))
((Your rubbery body absorbs attacks. (AC +1, EV +1)))
You cannot study or use magical devices.
((You are camouflaged near water. (Stealth+)))
((You have tentacles for arms and can constrict up to eight enemies at once.))


Message History

The skeletal warrior is almost destroyed.
The skeletal warrior hits you with a +0 hand axe!!
You hit the skeletal warrior but do no damage.
The skeletal warrior is almost destroyed.
The skeletal warrior hits you with a +0 hand axe.
You barely miss the skeletal warrior.
The skeletal warrior is almost destroyed.
You pummel the skeletal warrior!! You freeze the skeletal warrior.
You destroy the skeletal warrior!
Your Stealth skill increases to level 7!
Your Unarmed Combat skill increases to level 7!
You start resting.
Your transformation is almost over.
You start resting.
You warm up again.
You start resting.
HP restored.
Casting: Ice Form (dangerous; 11% risk of failure)
Confirm with . or Enter, or press ? or * to list all spells.
You turn into a creature of crystalline ice.
You fly downwards.
Level annotation: exclusions: two-headed ogre and 2 ugly things, Erica
There is a stone staircase leading up here.
The skeletal warrior hits you with a +0 glaive!
You hit the skeletal warrior.
The skeletal warrior is lightly damaged.
You pummel the skeletal warrior!! You freeze the skeletal warrior.
The skeletal warrior is heavily damaged.
The skeletal warrior hits you with a +0 glaive!!
You hit the skeletal warrior but do no damage.
The skeletal warrior is heavily damaged.
The skeletal warrior misses you.
You hit the skeletal warrior but do no damage.
The skeletal warrior is heavily damaged.
The skeletal warrior hits you with a +0 glaive!
You barely miss the skeletal warrior.
The skeletal warrior is heavily damaged.
The skeletal warrior hits you with a +0 glaive!
The skeletal warrior hits you from afar with a +0 glaive!!
You die...

#.......# ######
#.......# ......
........# ...#
#######.......#
####
#.....#.......#
####
#.............#
...#
#..........[..#
##.#
#......########
#...# #...z.Y#
#### D.##.#
#...z..###..# #.
.C# ##...........#
#c .#
#.......####.# ..
.####.......## #.#
.#
#......###..###.##
#.###[###
##...#..# #...#
###.##.#
.......### #.##.#


You could see 2 skeletal warriors.

Vanquished Creatures
  A two-headed ogre (D:7)
  A skeletal warrior (D:8)
  Joseph (D:7)
  A hornet (D:9)
  Eustachio (D:6)
  A steam dragon (D:7)
  3 vampire mosquitoes (D:8)
  2 water moccasins
  4 sky beasts
  An orc warrior (D:9)
  2 ice beasts
  A black bear (D:7)
  A necrophage (D:4)
  An ogre (D:5)
  A centaur (D:9)
  A phantom (D:4)
  2 bullfrogs
  3 scorpions (D:5)
  6 killer bees
  2 wights (D:9)
  A howler monkey (D:8)
  2 centaur zombies
  A bullfrog zombie (D:5)
  4 hounds
  A jelly (D:6)
  3 orc priests
  Crazy Yiuf (D:5)
  A centaur skeleton (D:7)
  2 bullfrog skeletons
  6 iguanas
  4 orc wizards
  A scorpion zombie (D:5)
  2 hound zombies (D:5)
  A hound skeleton (D:4)
  A howler monkey zombie (D:7)
  7 adders
  A shadow imp (D:6)
  2 white imps
  An adder skeleton (D:4)
  4 worms
  2 dart slugs
  19 orcs
  7 bats
  2 endoplasms
  2 giant cockroaches
  8 hobgoblins
  7 jackals
  5 quokkas
  7 ball pythons
  2 frilled lizards
  9 goblins
  4 kobolds
  12 rats
168 creatures vanquished.

Vanquished Creatures (others)
  A killer bee (D:6)
1 creature vanquished.

Grand Total: 169 creatures vanquished

Notes
Turn   | Place    | Note
-------+----------+-------------------------------------------
     0 | D:1      | browni3141 the Octopode Transmuter began the quest for the
                  | Orb.
     0 | D:1      | Reached XP level 1. HP: 13/13 MP: 3/3
   305 | D:1      | Reached skill level 1 in Stealth
   347 | D:1      | Found Hithrok's Jewellery Boutique.
   534 | D:1      | Reached XP level 2. HP: 18/18 MP: 5/5
   535 | D:1      | Found Seamame's Antique Weapon Shoppe.
   644 | D:1      | Learned a level 2 spell: Wereblood
  1007 | D:1      | Found a faded altar of an unknown god.
  1215 | D:2      | Reached skill level 3 in Transmutations
  1215 | D:2      | Reached XP level 3. HP: 16/23 MP: 6/6
  2123 | D:2      | Learned a level 3 spell: Spider Form
  2558 | D:3      | Reached XP level 4. HP: 17/28 MP: 7/7
  3035 | D:3      | You fall into a shaft and drop 1 floor!
  3039 | D:5      | Entered Level 5 of the Dungeon
  3160 | D:4      | Found a glowing silver altar of Zin.
  3160 | D:4      | Found a snail-covered altar of Cheibriados.
  3161 | D:4      | Found a stormy altar of Qazlal.
  3389 | D:4      | Reached skill level 4 in Transmutations
  3389 | D:4      | Reached skill level 1 in Poison Magic
  3447 | D:4      | Reached XP level 5. HP: 33/33 MP: 7/9
  3810 | D:4      | Found a staircase to the Ecumenical Temple.
  3867 | Temple   | Entered the Ecumenical Temple
  4068 | Temple   | Became a worshipper of Ru the Awakened
  4155 | D:4      | Noticed a necrophage
  4160 | D:4      | Killed a necrophage
  4161 | D:4      | Reached XP level 6. HP: 24/38 MP: 8/10
  4983 | D:3      | Learned a level 4 spell: Ice Form
  5143 | D:4      | Reached skill level 5 in Transmutations
  5447 | D:5      | Reached skill level 1 in Ice Magic
  5739 | D:5      | Reached XP level 7. HP: 43/43 MP: 11/11
  6874 | D:5      | Found a radiant altar of Vehumet.
  6996 | D:5      | Reached skill level 6 in Transmutations
  7182 | D:5      | Gained mutation: You cannot study or use magical devices.
                  | [Ru sacrifice]
  7182 | D:5      | Reached * piety under Ru
  7182 | D:5      | Reached ** piety under Ru
  7495 | D:5      | Found a runed translucent door.
  7496 | D:5      | Noticed Crazy Yiuf
  8060 | D:6      | Reached XP level 8. HP: 19/48 MP: 12/12
  8356 | D:6      | Noticed Eustachio
  8368 | D:6      | Killed Eustachio
  8476 | D:6      | Reached skill level 7 in Transmutations
  8655 | D:6      | Identified the +6 flail "Tamuosill" {chaos, rElec rN+
                  | Stlth+}
 10153 | D:7      | Reached XP level 9. HP: 54/54 MP: 13/13
 10464 | D:7      | Noticed Joseph
 10621 | D:8      | Noticed a two-headed ogre
 10953 | D:8      | Reached skill level 8 in Transmutations
 10956 | D:8      | Reached skill level 5 in Unarmed Combat
 10956 | D:8      | Reached skill level 5 in Ice Magic
 11311 | D:9      | Noticed a cyan ugly thing
 11339 | D:9      | Noticed a two-headed ogre
 11359 | D:9      | Noticed Erica
 11359 | D:9      | Noticed a skeletal warrior
 11381 | D:9      | Noticed a skeletal warrior
 11388 | D:9      | Reached skill level 5 in Stealth
 11429 | D:9      | Noticed a hornet
 11442 | D:9      | Paralysed by a hornet for 3 turns
 11451 | D:9      | Killed a hornet
 11452 | D:9      | Reached skill level 5 in Dodging
 11454 | D:9      | Got the Almanac of Flying Summoning
 11691 | D:9      | Noticed a purple ugly thing
 12211 | D:5      | Killed Crazy Yiuf
 12330 | D:5      | Found a burning altar of Makhleb.
 12445 | D:5      | Reached XP level 10. HP: 63/63 MP: 14/14
 12693 | D:7      | Killed Joseph
 12907 | D:7      | Killed a two-headed ogre
 12993 | D:9      | Noticed an eight-headed hydra
 12993 | D:9      | Noticed a centaur warrior
 12993 | D:9      | Noticed a cyclops
 13142 | D:9      | Noticed a skeletal warrior
 13155 | D:8      | Killed a skeletal warrior
 13283 | D:9      | Slain by a skeletal warrior

Illustrated notes

Levels and vault maps discovered:
D:1:      psy_arrival_radial02, layout_loops_ring,
          dreamdust_ecumenical_altar_angels_and_demons, serial_shops,
          nicolae_shop_advertising_works [nicolae_subvault_shop_adworks], shop
D:2:      layout_basic
D:3:      cheibrodos_helix_gallery, layout_basic, fountainhead,
          serial_park_tiny_pond
D:4:      layout_basic, gammafunk_temple_overflow_claw,
          minmay_temple_entry_statues_fountains, minmay_cupped
D:5:      layout_basic, nicolae_vehumet_altar_sigil, bloody_makhleb,
          minmay_misc_feat_secret_circle, amethyst_killhole,
          minmay_joined_circles, uniq_crazy_yiuf_cottage
D:6:      layout_loops_ring, hangedman_decor_push, minivault_19, uniq_eustachio
D:7:      layout_cave_pods, uniq_joseph
D:8:      layout_basic, corner_web_ring
D:9:      minmay_bloctagon_deflated, layout_rooms, uniq_erica
Temple:   eino_temple_scatter_basement

Skill      XL: |  1  2  3  4  5  6  7  8  9 10 |
---------------+-------------------------------+-----
Stealth        | 1 2 3 5 7 |  7.0
Transmutations | 3 4 5 6 7 8 |  8.0
Poison Magic   | 1 3 4 |  4.0
Spellcasting   | 3 |  3.0
Ice Magic      | 1 3 4 5 |  5.0
Dodging        | 3 5 6 |  6.8
Unarmed Combat | 4 5 7 |  7.2
Fighting       | 2 3 4 |  4.6

Action                   |  1- 3 |  4- 6 |  7- 9 | 10-12 || total
-------------------------+-------+-------+-------+-------++-------
Melee: Unarmed           |    87 |   116 |   286 |    51 ||   540
       Constrict         |    31 |    28 |    14 |       ||    73
       Kick              |    12 |    14 |       |       ||    26
       Tentacles         |    12 |    19 |    19 |       ||    50
       Punch             |     3 |     1 |     5 |       ||     9
 Cast: Beastly Appendage |    11 |     7 |       |       ||    18
       Wereblood         |     1 |       |     1 |     1 ||     3
       Spider Form       |       |     5 |    14 |     2 ||    21
       Ice Form          |       |       |    13 |     4 ||    17
Invok: Sacrifice Artific |       |       |     1 |       ||     1
       Reject Sacrifices |       |       |     1 |       ||     1
Evoke: Wand              |       |     2 |     1 |       ||     3
  Use: Scroll            |       |       |     6 |     1 ||     7
 Stab: Sleeping          |     7 |     4 |     8 |     3 ||    22
       Distracted        |     1 |     1 |       |       ||     2
       Paralysed         |       |     3 |       |       ||     3
Armor: Skin              |    13 |     8 |   112 |     8 ||   141
Dodge: Dodged            |    43 |    66 |   203 |    19 ||   331

Table legend: (Time is in decaauts)
 A = Elapsed time spent in this place.
 B = Non-inter-level travel time spent in this place.
 C = Inter-level travel time spent in this place.
 D = Time resting spent in this place.
 E = Time spent auto-exploring this place.
 F = Levels seen in this place.
 G = Mean time per level.
                   A        B        C        D        E       F      G
               +--------+--------+--------+--------+--------+-----+--------+
         Total |  13271 |  12465 |    806 |   2609 |   7630 |  10 | 1327.1 |
       Dungeon |  13052 |  12275 |    777 |   2609 |   7458 |   9 | 1450.2 |
        Temple |    218 |    189 |     29 |      0 |    172 |   1 |  218.0 |
               +--------+--------+--------+--------+--------+-----+--------+

Top non-repeatable levels by time:
     D:4: 2332 daAuts
     D:5: 2103 daAuts
     D:6: 1909 daAuts
     D:3: 1391 daAuts
     D:7: 1361 daAuts
     D:2: 1238 daAuts
     D:8: 1089 daAuts
     D:1: 1082 daAuts
     D:9: 544 daAuts
  Temple: 218 daAuts
